 Dungeon Crawl Stone Soup version 0.24.1 (webtiles) character file.

Game seed: 4458873795151821562, levelgen mode: deterministic

5056 lepoulpe303 the Ruffian (level 10, -14/100 HPs)
             Began as a Troll Monk on Mar 31, 2020.
             Was a High Priest of Qazlal.
             Demolished by an orc warrior
             ... wielding a +0 mace
              (17 damage)
             ... on level 7 of the Dungeon.
             The game lasted 00:20:24 (6340 turns).

lepoulpe303 the Ruffian (Troll Monk)                Turns: 6340, Time: 00:20:25

Health: -14/100    AC: 10    Str: 23    XL:     10   Next: 31%
Magic:  7/13       EV: 13    Int:  6    God:    Qazlal [*****.]
Gold:   490        SH:  6    Dex: 13    Spells: 9/9 levels left

rFire    . . .     SeeInvis .     - Unarmed
rCold    . . .     Gourm    +   (no shield)
rNeg     . . .     Faith    .   t - +0 robe
rPois    .         Spirit   .   (helmet restricted)
rElec    .         Reflect  .   n - +0 cloak
rCorr    +         Harm     .   (gloves unavailable)
MR       +....                  (boots unavailable)
Stlth    +.........             (no amulet)
HPRegen  0.66/turn              C - ring of resist corrosion
MPRegen  0.13/turn              m - ring of protection from magic

@: protected from physical damage, repel missiles
A: large, unfitting armour, claws 3, fast metabolism 3, gourmand, regeneration
1, shaggy fur 1, tough skin 3
a: Upheaval, Elemental Force, Disaster Area, Renounce Religion


You were on level 7 of the Dungeon.
You worshipped Qazlal.
Qazlal was extremely pleased with you.
You were very full.

You visited 1 branch of the dungeon, and saw 8 of its levels.
You also visited: Sewer.

You collected 490 gold pieces.

Inventory:

Hand Weapons
 a - a +2 antimagic dagger
Missiles
 b - 8 curare-tipped darts
 A - 3 poisoned darts (quivered)
 B - a throwing net {=f}
Armour
 n - a +0 cloak (worn)
 t - a +0 robe (worn)
Jewellery
 m - a ring of protection from magic (right claw)
 y - an uncursed ring of flight
 C - a ring of resist corrosion (left claw)
 F - an uncursed ring of resist corrosion
Wands
 v - a wand of flame (16)
Scrolls
 c - 2 scrolls of remove curse {unknown}
 d - 4 scrolls of teleportation {unknown}
 f - 3 scrolls of fog
 g - a scroll of immolation {unknown}
 i - 2 scrolls of identify
 j - 3 scrolls of fear {unknown}
 o - 3 scrolls of magic mapping {unknown}
 p - a scroll of enchant weapon {unknown}
 s - 2 scrolls of amnesia {unknown}
 w - a scroll of blinking {unknown}
 H - a scroll of enchant armour {unknown}
Potions
 h - a potion of haste
 k - 2 potions of berserk rage {!q}
 l - 4 potions of heal wounds
 q - 5 potions of curing
 r - 4 potions of might
 u - a potion of lignification {unknown}
 x - 2 potions of flight
 z - 2 potions of degeneration {unknown}
 D - a potion of magic {unknown}
 E - 2 potions of brilliance {unknown}
 G - a potion of agility {unknown}
Comestibles
 e - 18 rations


   Skills:
 * Level 6.6 Fighting
 + Level 4.4 Throwing
 * Level 6.6 Dodging
 - Level 1.0 Stealth
 * Level 7.9 Unarmed Combat
 * Level 6.2 Invocations


You had 9 spell levels left.
You didn't know any spells.
Your spell library contained the following spells:

 Spells                   Type           Power        Failure   Level  Hunger
 Sting                    Conj/Pois      #...         45%         1    ##.....
 Poisonous Vapours        Pois/Air       #.....       58%         2    ###....
 Mephitic Cloud           Conj/Pois/Air  #.......     83%         3    ####...
 Olgreb's Toxic Radiance  Pois           #.......     99%         4    #####..
 Venom Bolt               Conj/Pois      #.........   100%        5    ######.


Dungeon Overview and Level Annotations

Branches:
Dungeon (8/15)             Temple (0/1) D:4           Sewer (visited)
   Lair: D:8-11

Altars:
Cheibriados
Fedhas
Gozag
Hepliaklqana
Nemelex Xobeh
Okawaru
Qazlal
Ru
Sif Muna
Trog
Xom

Shops:
D:2 *   D:4 *   D:7 %


Innate Abilities, Weirdness & Mutations

You are too large for most types of armour.
You have claws for hands.
Your metabolism is lightning-fast.
You like to eat raw meat.
Your natural rate of healing is unusually fast.
You are covered in fur. (AC +1)
You have extremely tough skin. (AC +3)


Message History

* * * LOW HITPOINT WARNING * * *
The orc throws a boomerang.
The boomerang closely misses you.
The weapon returns to the orc!
You block the orc warrior's attack.
You hear a bark!
You climb upwards.
There is a stone staircase leading down here.
You take 17 damage, and have 24/100 hp.
You mangle the orc warrior!! The orc warrior closely misses you.
You claw the orc warrior!
The orc warrior hits you with a +0 mace!!
* * * LOW HITPOINT WARNING * * *
You feel more protected from physical attacks.
You take 21 damage, and have 3/100 hp.
MASSIVE DAMAGE!!
Aim: an orc warrior, wielding a +0 mace and wearing a +0 chain mail (almost dead, berserk, fast, unusually strong) That beam is likely to hit you.
Continue anyway?
Okay, then.
Clouds arounds you coalesce and take form!
The orc warrior hits you with a +0 mace!
You die...

......##)#### ####...##### #.
###..###.# ###....### ##########
....##...# #...#### #...<.....
#..###.######.##########.......##
#.............#.....##.).......#
#..##..##..####.....#..#)......#
#.###.###..# #.......##)......##
#.##..#....####.☼...(###).......#
..##.#..#.....☼.@E§(####.........
.....>...........oE..............
##....#######...E...####.########
##.##...#####.#.[...####.#
##.####.........###......#####
#..# #.........#######......###
..#####..........######.####...##
...##...........................#
...##.#.........######.######....


You could see an orc warrior (berserk), a friendly water elemental and 2
friendly air elementals.

Levels and vault maps discovered:
D:1:      giann_horns, layout_loops_ring
D:2:      minmay_roachtagon, layout_loops_ring,
          nemelex_xobeh_ov_fountains_minmay, first_ration,
          nicolae_gozag_zags_fifth_avenue
D:3:      layout_loops_ring, gammafunk_temple_overflow_arena,
          nicolae_qazlal_eye_of_the_storm, uniq_terence
D:4:      layout_cave_pools, okawaru_metal_pillars_1_2,
          minmay_temple_entry_hall, serial_undead, serial_undead_f,
          serial_undead_e, serial_undead_d, serial_undead_c, serial_undead_c,
          serial_shops, nicolae_shop_overgrown_old_shop, uniq_robin,
          uniq_blork_the_orc, uniq_menkaure
D:5:      minmay_recursive_quarters, layout_basic, uniq_ijyb, uniq_eustachio,
          uniq_prince_ribbit1, uniq_crazy_yiuf_cottage
D:6:      layout_loops_corners, chequers_temple_overflow_minitemple,
          gup_sewer_entry_bowl, grunt_decor_arrowhead,
          minmay_misc_feat_diagonals, minmay_misc_feat_iff,
          nicolae_ru_path_of_blood, uniq_pikel
D:7:      layout_rooms, lemuel_crystal_altar, serial_shops, shop,
          fedhas_altar_3, uniq_duvessa
D:8:      minmay_curly_fans, layout_basic, dancing_weapons_uskayaw,
          lemuel_doored_altar

Notes
Turn   | Place    | Note
-------+----------+-------------------------------------------
     0 | D:1      | lepoulpe303 the Troll Monk began the quest for the Orb.
     0 | D:1      | Reached XP level 1. HP: 22/22 MP: 0/0
   161 | D:1      | Identified a +0 club
   190 | D:1      | Identified a +0 dagger
   192 | D:1      | Reached XP level 2. HP: 29/29 MP: 1/1
   269 | D:1      | Identified a +0 club
   630 | D:2      | HP: 7/29 [worm (4)]
   678 | D:2      | Identified a +0 dagger
   678 | D:2      | Identified a +0 robe
   713 | D:2      | Found an opulent altar of Gozag.
   718 | D:2      | Found Gozag's Platinum Reserve.
   754 | D:2      | Reached XP level 3. HP: 10/36 MP: 2/2
   754 | D:2      | HP: 9/36 [poisoned by an adder]
   759 | D:2      | HP: 7/36 [poisoned by an adder]
   765 | D:2      | HP: 6/36 [poisoned by an adder]
   772 | D:2      | HP: 7/36 [poisoned by an adder]
   779 | D:2      | HP: 8/36 [poisoned by an adder]
   872 | D:2      | Identified a +0 short sword
   885 | D:2      | Identified a +0 club
   885 | D:2      | Identified a +0 ring mail
   892 | D:2      | Found a sparkling altar of Nemelex Xobeh.
   903 | D:2      | Identified a +0 dagger of speed
   926 | D:2      | Identified a +0 club
   944 | D:2      | Identified a +0 club
   999 | D:2      | Identified a +0 club
  1002 | D:2      | Reached skill level 3 in Dodging
  1056 | D:2      | Reached skill level 3 in Fighting
  1079 | D:2      | Identified a +0 whip
  1081 | D:2      | Identified a +0 club
  1229 | D:2      | Reached XP level 4. HP: 45/45 MP: 3/3
  1441 | D:2      | Identified a +0 dagger
  1443 | D:2      | Identified a +0 club
  1467 | D:2      | HP: 11/45 [poisoned by kobold (curare-tipped dart)]
  1469 | D:2      | HP: 4/45 [kobold/+0 dagger (4)]
  1471 | D:2      | Identified a potion of curing
  1645 | D:3      | Identified a +0 dagger
  1679 | D:3      | Identified a +0 club
  1709 | D:3      | Found a stormy altar of Qazlal.
  1726 | D:3      | Became a worshipper of Qazlal Stormbringer
  1726 | D:3      | Reached * piety under Qazlal
  1726 | D:3      | Reached ** piety under Qazlal
  1748 | D:3      | Noticed a bullfrog
  1765 | D:3      | Found a snail-covered altar of Cheibriados.
  1783 | D:3      | Found a transporter.
  1793 | D:3      | Found a transporter.
  1883 | D:3      | Identified a +0 flail
  1883 | D:3      | Identified a +0 scale mail
  1883 | D:3      | Noticed Terence
  1892 | D:3      | Killed Terence
  1892 | D:3      | Reached skill level 1 in Throwing
  2038 | D:3      | Identified a +0 club
  2040 | D:3      | Reached XP level 5. HP: 53/53 MP: 4/4
  2226 | D:3      | Identified a +0 hand axe
  2299 | D:3      | Identified 3 scrolls of identify
  2299 | D:3      | Identified 3 scrolls of fog
  2305 | D:3      | Reached skill level 4 in Unarmed Combat
  2305 | D:3      | Reached skill level 1 in Invocations
  2371 | D:4      | Identified a +0 battleaxe
  2371 | D:4      | Identified a +0 robe
  2371 | D:4      | Noticed Blork the orc
  2377 | D:4      | Killed Blork the orc
  2377 | D:4      | Reached XP level 6. HP: 61/61 MP: 4/6
  2461 | D:4      | Found an iron altar of Okawaru.
  2486 | D:4      | Identified a +0 club
  2486 | D:4      | Identified a +0 leather armour
  2497 | D:4      | Identified a +0 dagger
  2511 | D:4      | Reached *** piety under Qazlal
  2514 | D:4      | Identified a cursed -2 spear
  2514 | D:4      | Identified a cursed +0 animal skin
  2514 | D:4      | Identified a +2 helmet
  2514 | D:4      | Noticed Robin
  2516 | D:4      | Identified a +2 antimagic dagger
  2516 | D:4      | Identified a +0 club
  2517 | D:4      | Identified a +0 dagger
  2520 | D:4      | Killed Robin
  2521 | D:4      | Identified a +0 club
  2542 | D:4      | Reached skill level 2 in Invocations
  2552 | D:4      | Reached XP level 7. HP: 31/68 MP: 7/7
  2650 | D:4      | Reached skill level 4 in Fighting
  2650 | D:4      | Reached skill level 2 in Throwing
  2650 | D:4      | Reached skill level 4 in Dodging
  2674 | D:4      | Found a staircase to the Ecumenical Temple.
  2681 | D:4      | Noticed Menkaure
  2687 | D:4      | HP: 14/70 [??? (12)]
  2688 | D:4      | Killed Menkaure
  2694 | D:4      | Identified a +0 club
  2694 | D:4      | Identified a +0 leather armour
  2800 | D:4      | Identified a +0 short sword
  2800 | D:4      | Identified a +0 leather armour
  2810 | D:4      | Reached skill level 5 in Unarmed Combat
  2850 | D:4      | Found Quoloph's Assorted Antiques.
  3131 | D:5      | Entered Level 5 of the Dungeon
  3131 | D:5      | Identified a +0 rapier
  3131 | D:5      | Identified a cursed -2 leather armour
  3131 | D:5      | Noticed Eustachio
  3131 | D:5      | Noticed Prince Ribbit
  3131 | D:5      | Identified a +3 hand axe of flaming
  3131 | D:5      | Identified a +0 ring mail
  3131 | D:5      | Identified a +0 dagger
  3131 | D:5      | Identified a +0 robe
  3131 | D:5      | Identified a +0 flail
  3143 | D:4      | Killed Prince Ribbit
  3143 | D:4      | Reached skill level 3 in Invocations
  3218 | D:5      | Reached XP level 8. HP: 58/79 MP: 9/9
  3219 | D:5      | Killed Eustachio
  3235 | D:5      | Identified a +0 shortbow
  3392 | D:5      | Reached **** piety under Qazlal
  3449 | D:5      | Identified a +0 dagger
  3449 | D:5      | Identified a +0 robe
  3471 | D:5      | Identified a +0 whip
  3472 | D:5      | Identified a +0 dagger
  3498 | D:5      | Found a runed translucent door.
  3499 | D:5      | Identified a +2 quarterstaff of chaos
  3499 | D:5      | Identified a +0 cloak
  3499 | D:5      | Noticed Crazy Yiuf
  3580 | D:5      | Identified a +0 ring mail
  3580 | D:5      | Identified an uncursed ring of flight
  3580 | D:5      | Noticed Ijyb
  3605 | D:5      | Killed Ijyb
  3741 | D:5      | Identified a +0 hand axe
  3741 | D:5      | Identified a +0 leather armour
  3749 | D:5      | Reached skill level 5 in Fighting
  3749 | D:5      | Reached skill level 6 in Unarmed Combat
  3759 | D:5      | Identified a +0 dagger
  3759 | D:5      | Identified a +0 robe
  3766 | D:5      | Reached skill level 5 in Dodging
  3784 | D:5      | Identified a +0 dagger
  3784 | D:5      | Identified a +0 leather armour
  3786 | D:5      | Reached skill level 4 in Invocations
  3788 | D:5      | Identified a +0 flail
  3788 | D:5      | Identified an uncursed ring of resist corrosion
  3794 | D:5      | Reached skill level 3 in Throwing
  4107 | D:5      | Killed Crazy Yiuf
  4250 | D:6      | Found a glowing drain.
  4254 | Sewer    | Entered a sewer
  4293 | Sewer    | Identified a +0 whip
  4294 | Sewer    | Identified a +0 short sword
  4294 | Sewer    | Identified a +0 dagger
  4368 | Sewer    | Identified a +0 dagger
  4375 | Sewer    | Reached XP level 9. HP: 86/88 MP: 11/11
  4409 | Sewer    | Identified a +0 dagger
  4443 | Sewer    | Identified a +0 dagger
  4448 | Sewer    | Identified a +0 whip
  4449 | Sewer    | Reached ***** piety under Qazlal
  4697 | D:6      | Identified a +0 club
  4697 | D:6      | Identified a +0 leather armour
  4699 | D:6      | Identified a +0 short sword
  4702 | D:6      | Identified a +1 dagger of draining
  4702 | D:6      | Identified a +0 robe
  4703 | D:6      | Identified a +0 hand axe
  4918 | D:6      | Found a shimmering altar of Xom.
  4918 | D:6      | Found a stormy altar of Qazlal.
  4930 | D:6      | Found a hazy altar of Hepliaklqana.
  4932 | D:6      | Found a faded altar of an unknown god.
  4934 | D:6      | Found a bloodstained altar of Trog.
  5087 | D:6      | Identified a +2 whip of flaming
  5087 | D:6      | Identified a +0 robe
  5087 | D:6      | Noticed Pikel
  5105 | D:6      | Killed Pikel
  5105 | D:6      | Reached skill level 5 in Invocations
  5258 | D:6      | Identified a +0 giant spiked club
  5278 | D:6      | Reached skill level 7 in Unarmed Combat
  5279 | D:6      | Identified a ring of protection from magic (You found it on
                  | level 6 of the Dungeon)
  5280 | D:6      | Identified a ring of attention (You found it on level 6 of
                  | the Dungeon)
  5301 | D:6      | Identified 2 potions of flight
  5302 | D:6      | Identified 4 potions of heal wounds
  5470 | D:6      | Found a sacrificial altar of Ru.
  5633 | D:7      | Identified a +0 short sword of speed
  5633 | D:7      | Identified a +0 leather armour
  5633 | D:7      | Noticed Duvessa
  5633 | D:7      | Identified a +2 dagger of flaming
  5633 | D:7      | Identified a +0 robe
  5633 | D:7      | Noticed Dowan
  5636 | D:7      | Identified a cursed -3 giant spiked club
  5646 | D:7      | Killed Dowan
  5654 | D:7      | Reached skill level 6 in Fighting
  5655 | D:7      | HP: 19/89 [Duvessa/+0 short sword of speed (7)]
  5657 | D:7      | Killed Duvessa
  5657 | D:7      | Reached skill level 6 in Dodging
  5818 | D:7      | Found Ekoihism's Food Boutique.
  5836 | D:7      | Identified a +0 giant club
  5840 | D:7      | Identified a +0 mace
  5840 | D:7      | Identified a +0 chain mail
  5840 | D:7      | Identified a +0 hand axe
  5840 | D:7      | Identified a +0 leather armour
  5843 | D:7      | Identified a +0 trident
  5845 | D:7      | Identified a +0 hand axe
  5847 | D:7      | Identified a +0 whip
  5848 | D:7      | Identified a +0 halberd
  5852 | D:7      | Identified a +0 vampiric spear
  5875 | D:7      | Reached skill level 4 in Throwing
  5876 | D:7      | Identified a +0 club
  5944 | D:7      | Identified a +0 trident
  5946 | D:7      | Identified a +0 flail
  6017 | D:7      | Identified a +0 giant club
  6073 | D:7      | Found a blossoming altar of Fedhas.
  6098 | D:7      | Found a shimmering blue altar of Sif Muna.
  6267 | D:8      | Reached XP level 10. HP: 95/100 MP: 13/13
  6270 | D:8      | Identified a +0 dagger
  6270 | D:8      | Identified a +0 robe
  6277 | D:8      | Identified a +0 flail
  6277 | D:8      | Identified a +2 falchion of electrocution
  6278 | D:8      | Identified a cursed +0 leather armour
  6289 | D:8      | Identified a +0 club
  6289 | D:8      | Identified a +0 leather armour
  6291 | D:8      | Identified a +0 dagger
  6295 | D:8      | Identified a +0 giant club
  6305 | D:8      | Identified a +0 short sword
  6305 | D:8      | Identified a +0 ring mail
  6314 | D:8      | Identified a cursed -2 giant club
  6314 | D:8      | Identified a +0 giant club
  6314 | D:8      | Noticed a two-headed ogre
  6315 | D:8      | Identified a +0 dagger
  6315 | D:8      | Identified a +0 robe
  6323 | D:8      | Killed a two-headed ogre
  6323 | D:8      | Reached skill level 6 in Invocations
  6323 | D:8      | Identified a +0 dagger
  6323 | D:8      | Identified a +0 robe
  6324 | D:8      | Identified a +0 dagger
  6324 | D:8      | Identified a +0 robe
  6326 | D:8      | Identified a +0 mace
  6326 | D:8      | Identified a +0 chain mail
  6336 | D:8      | HP: 23/100 [orc warrior/+0 mace (19)]
  6339 | D:7      | HP: 3/100 [orc warrior/+0 mace (22)]
  6340 | D:7      | Demolished by an orc warrior

Table legend:
 A = Turns spent in this place as a percentage of turns spent in the entire game.
 B = Non-inter-level travel turns spent in this place as a percentage of non-inter-level travel turns spent in the entire game.
 C = Inter-level travel turns spent in this place as a percentage of turns spent in this place.
 D = Turns resting spent in this place as a percentage of non-inter-level travel turns spent in this place.
 E = Turns spent auto-exploring this place as a percentage of non-inter-level travel turns spent in this place.
 F = Non-inter-level travel turns spent in this place divided by the number of levels of this place that you've seen.
                   A       B       C       D       E      F
               +-------+-------+-------+-------+-------+----------------------
         Total | 100.0 | 100.0 |   4.0 |  12.9 |  60.2 | 676.6
       Dungeon |  94.1 |  93.9 |   4.2 |  13.8 |  60.8 | 714.8
         Sewer |   5.9 |   6.1 |   0.0 |   0.0 |  50.9 | 371.0
               +-------+-------+-------+-------+-------+----------------------

Table legend:
 A = Kills in this place as a percentage of kills in entire the game.
 B = Kills by you in this place as a percentage of kills by you in the entire game.
 C = Kills by friends in this place as a percentage of kills by friends in the entire game.
 D = Other kills in this place as a percentage of other kills in the entire game.
 E = Experience gained in this place as a percentage of experience gained in the entire game.
 F = Experience gained in this place divided by the number of levels of this place that you have seen.
                   A       B       C       D       E      F
               +-------+-------+-------+-------+-------+----------------------
         Total | 100.0 | 100.0 |   N/A |   N/A | 100.0 | 802.6
       Dungeon |  89.9 |  89.9 |   N/A |   N/A |  94.1 | 849.5
         Sewer |  10.1 |  10.1 |   N/A |   N/A |   5.9 | 427.0
               +-------+-------+-------+-------+-------+----------------------

Skill      XL: |  1  2  3  4  5  6  7  8  9 10 |
---------------+-------------------------------+-----
Dodging        | 3 4 5 6 |  6.6
Fighting       | 3 4 5 6 |  6.6
Throwing       | 1 2 3 4 |  4.4
Unarmed Combat | 4 5 6 7 |  7.9
Invocations    | 1 2 3 4 5 6 |  6.2
Stealth        | |  1.0

Action                   |  1- 3 |  4- 6 |  7- 9 | 10-12 || total
-------------------------+-------+-------+-------+-------++-------
Melee: Unarmed           |   108 |   189 |   336 |    49 ||   682
       Punch             |       |     2 |    11 |     2 ||    15
Throw: Dart              |       |     7 |     5 |       ||    12
Invok: Elemental Force   |       |       |       |     1 ||     1
  Use: Potion            |       |     1 |       |       ||     1
       Scroll            |       |     1 |     4 |       ||     5
 Stab: Sleeping          |     1 |       |       |       ||     1
  Eat: Chunk             |    15 |    14 |    35 |       ||    64
Armor: Robe              |    33 |    66 |   107 |     9 ||   215
Dodge: Dodged            |    48 |   111 |   161 |    28 ||   348
       Deflected         |       |       |     4 |     2 ||     6
Block: Other             |       |    21 |    88 |     8 ||   117

Vanquished Creatures
  A two-headed ogre (D:8)
  Pikel (D:6)
  A troll (D:8)
  Prince Ribbit (D:4)
  Eustachio (D:5)
  Menkaure (D:4)
  Duvessa (D:7)
  A sky beast (D:5)
  An ice beast (D:5)
  2 slaves (D:6)
  A black bear (D:6)
  5 ogres
  A centaur (D:5)
  Blork the orc (D:4)
  4 big kobolds (Sewer)
  5 bullfrogs
  A water moccasin zombie (D:4)
  3 scorpions
  Dowan (D:7)
  4 howler monkeys
  2 crimson imps
  A bullfrog zombie (D:4)
  2 centaur zombies (D:4)
  A quasit (D:7)
  2 orc priests
  4 hounds
  Crazy Yiuf (D:5)
  A bullfrog skeleton (D:5)
  Ijyb (D:5)
  Terence (D:3)
  3 iguanas
  8 orc wizards
  8 worker ants
  A hound zombie (D:4)
  Robin (D:4)
  3 gnolls (D:7)
  2 howler monkey skeletons
  8 adders
  2 shadow imps
  2 oozes (Sewer)
  4 adder zombies
  An adder skeleton (D:4)
  7 worms
  A dart slug (D:4)
  5 leopard geckos
  28 orcs
  A ball python (D:1)
  11 bats
  14 giant cockroaches
  13 goblins
  14 hobgoblins
  2 jackals (D:6)
  4 quokkas
  5 frilled lizards
  A jackal zombie (D:5)
  20 kobolds
  A leopard gecko skeleton (D:3)
  2 quokka skeletons (D:4)
  A quokka zombie (D:5)
  13 rats
239 creatures vanquished.

Vanquished Creatures (others)
  2 fungi (D:7)
  A withered plant (D:4)
3 creatures vanquished.

Grand Total: 242 creatures vanquished
